AoeStats
← El_Manu>CL<

Arabia

509207081Analyzed
1v1 RM · 6d ago on Sep 25, 2026· 70m 53s· 2 players
Game mode
Random Map
Map size
Tiny (2 player)
Population
200
Speed
Normal
Resources
Standard
Victory
Conquest
Starting age
Dark Age
Ending age
Imperial Age
RankedLock teamsTeams togetherTeam positionsShared explorationLock speedFull tech treeHidden civsTurbo modeCheats
Victory
Defeat
🇩🇪 Varangians · Germany
1086
+14
🇨🇱 Britons · Chile
1044
-14
El_Manu>CL<
4:14 Loom
10:28 Feudal Age
10:56 Double-Bit Axe
10:54 Horse Collar
21:24 Castle Age
19:49 Gold Mining
20:21 Fletching
20:32 Padded Archer Armor
21:42 Crossbowman
23:14 Bow Saw
23:05 Bodkin Arrow
24:35 Wheelbarrow
26:28 Hand Cart
27:18 Town Watch
29:18 Leather Archer Armor
37:14 Gold Shaft Mining
36:30 Stone Mining
36:46 Heavy Plow
37:12 Town Patrol
42:13 Imperial Age
43:17 Conscription
42:55 Arbalester
44:11 Ring Archer Armor
44:44 Chemistry
44:05 Ballistics
44:52 Conscription
45:59 Bracer
45:48 Arbalester
52:02 Elite Skirmisher
58:49 Light Cavalry
59:29 Husbandry
62:27 Forging
62:22 Scale Barding Armor
64:27 Iron Casting
66:02 Chain Barding Armor
66:42 Blast Furnace
ahbiszett
7:50 Loom
12:24 Feudal Age
13:49 Wheelbarrow
14:48 Bloodlines
16:07 Bloodlines
16:05 Scale Barding Armor
18:59 Horse Collar
19:17 Double-Bit Axe
22:57 Castle Age
22:15 Forging
22:43 Gold Mining
24:34 Husbandry
25:31 Chain Barding Armor
25:18 Stone Mining
27:07 Fletching
27:17 Padded Archer Armor
28:16 Iron Casting
27:47 Padded Archer Armor
28:33 Bow Saw
28:07 Elite Skirmisher
29:28 Fletching
30:33 Leather Archer Armor
30:14 Bodkin Arrow
34:35 Heavy Plow
39:14 Imperial Age
38:03 Ballistics
37:54 Masonry
40:34 Cavalier
41:53 Plate Barding Armor
43:07 Hand Cart
42:37 Town Watch
43:57 Blast Furnace
43:01 Bracer
44:21 Two-Man Saw
47:12 Ring Archer Armor
47:42 Blast Furnace
47:18 Ring Archer Armor
47:52 Chemistry
46:59 Siege Engineers
54:25 Vendel Legacy
59:34 Capped Ram
60:38 Light Cavalry
63:06 Siege Ram
Connection lost

Rejoining the realm…

Still unreachable

The connection could not be restored.

Session expired

The server has moved on; the page needs a fresh start.